 Dungeon Crawl Stone Soup version 0.29.1-4-g47bece8355 (webtiles) character file.

Game seed: 14740727654385566316

5010 javelincjr the Thaumaturge (level 10, -3/46 HPs)
             Began as a Spriggan Conjurer on Dec 8, 2022.
             Was a Follower of Sif Muna.
             Slain by an orc warrior
             ... wielding a +0 halberd
             ... led by an orc warlord
              (11 damage)
             ... on level 2 of the Orcish Mines.
             The game lasted 01:08:03 (11425 turns).

javelincjr the Thaumaturge (Spriggan Conjurer)     Turns: 11425, Time: 01:08:03

Health: -3/46      AC:  3    Str:  3    XL:     10   Next: 29%
Magic:  18/34      EV: 18    Int: 23    God:    Sif Muna [*.....]
Gold:   179        SH:  0    Dex: 13    Spells: 32/35 levels left

rFire   . . .      SeeInvis +   F - +6 quarterstaff (chaos)
rCold   . . .      Faith    .   (shield currently unavailable)
rNeg    . . .      Spirit   .   t - +0 robe {Archmagi}
rPois   .          Reflect  .   u - +1 hat
rElec   .          Harm     .   j - scarf {repulsion}
rCorr   .          Rampage  .   (gloves unavailable)
Will    +....      Archmagi +   (boots unavailable)
Stlth   +++.......              (no amulet)
HPRegen 0.15/turn               h - ring of magical power
MPRegen 0.24/turn               m - ring of flight

@: flying, repel missiles, very quick
A: very small, no large weapons, unfitting armour, see invisible, speed 3,
clumsy 1, low MP 1
a: Renounce Religion, Channel Magic


You were on level 2 of the Orcish Mines.
You worshipped Sif Muna.
Sif Muna was aware of your devotion.
You visited 3 branches of the dungeon, and saw 13 of its levels.

You collected 663 gold pieces.
You spent 484 gold pieces at shops.

Inventory:

Hand Weapons
 A - a +4 scimitar
 F - a +6 quarterstaff of chaos (weapon)
 G - a +3 hand axe of flaming
Missiles
 c - 2 silver boomerangs
 f - 64 stones
 g - 3 curare-tipped darts
 r - 9 poisoned darts
 J - 3 boomerangs
Armour
 j - a scarf of repulsion (worn)
 s - a +0 buckler
 t - a +0 robe of the Archmagi (worn)
 u - a +1 hat (worn)
Magical Staves
 q - a staff of air
Jewellery
 h - a ring of magical power (left hand)
 m - a ring of flight (right hand)
 o - a ring of poison resistance
 w - a +4 ring of evasion
Wands
 n - a wand of mindburst (21)
 p - a wand of polymorph (9)
 v - a wand of roots (7)
 B - a wand of acid (1)
 I - a wand of paralysis (7)
Scrolls
 a - 2 scrolls of blinking {unknown}
 d - 2 scrolls of fear {unknown}
 k - 7 scrolls of teleportation
 y - a scroll of silence
 z - 2 scrolls of amnesia {unknown}
 H - a scroll of identify
Potions
 b - 2 potions of magic
 e - 4 potions of might
 i - 2 potions of curing
 l - 2 potions of flight
 C - a potion of berserk rage
 D - a potion of ambrosia
 E - a potion of cancellation


   Skills:
 + Level 1.8 Fighting
 + Level 1.4 Short Blades
 * Level 2.8 Staves
 + Level 5.1 Dodging
 + Level 7.0 Stealth
 * Level 13.2 Spellcasting
 + Level 6.5 Conjurations
 + Level 0.9 Evocations


You had 32 spell levels left.
You knew the following spells:

 Your Spells              Type           Power      Damage    Failure   Level
a - Magic Dart            Conj           100%       1d8       1%          1
b - Searing Ray           Conj           100%       2d8       1%          2

Your spell library contained the following spells:

 Spells                   Type           Power      Damage    Failure   Level
 Dazzling Flash           Conj/Hex       90%        N/A       3%          3
 Stone Arrow              Conj/Erth      90%        3d12      3%          3
 Beastly Appendage        Tmut           44%        N/A       4%          1
 Sandblast                Erth           44%        2d11      4%          1
 Passwall                 Tmut/Erth      18%        N/A       6%          2
 Sublimation of Blood     Necr           22%        N/A       6%          2
 Wereblood                Tmut           22%        N/A       6%          2
 Fulminant Prism          Conj/Hex       22%        3d13      11%         4
 Iskenderun's Mystic Bla  Conj/Tloc      45%        2d10      11%         4
 Gell's Gravitas          Tloc           22%        N/A       12%         3
 Spider Form              Tmut/Pois      22%        N/A       12%         3
 Teleport Other           Tloc           22%        N/A       12%         3
 Summon Lightning Spire   Summ/Air       22%        N/A       38%         4
 Dispersal                Tloc           11%        N/A       99%         6
 Storm Form               Tmut/Air       11%        N/A       100%        7
 Summon Hydra             Summ           11%        N/A       100%        7
 Maxwell's Capacitive Co  Air            11%        ∞         100%        8


Dungeon Overview and Level Annotations

Branches:
Dungeon (10/15)            Temple (1/1) D:6             Orc (2/2) D:9
   Lair: D:8-11         Elf: Orc:2

Altars:
Ashenzari
Cheibriados
Dithmenos
Elyvilon
Fedhas
Gozag
Hepliaklqana
Kikubaaqudgha
Makhleb
Nemelex Xobeh
Okawaru
Qazlal
Ru
Sif Muna
Trog
Uskayaw
Vehumet
Wu Jian
Xom
Yredelemnul
Zin
The Shining One

Shops:
D:4 [   Orc:1 :

Annotations:
D:3 Sigmund
D:10 Snorg


Innate Abilities, Weirdness & Mutations

You are very small and have problems with some larger weapons.
You are too small for most types of armour.
You have supernaturally acute eyesight. (SInv)
You cover ground extremely quickly. (Speed+++)
You are clumsy. (Dex -2)
Your magical capacity is low. (-10% MP)


Message History

There is a stone staircase leading up, spattered with blood here.
Casting: Magic Dart (safe; 1% risk of failure)
Confirm with . or Enter, or press ? or * to list all spells.
You can't see any susceptible monsters within range! (Use Z to cast anyway.)
An orc warrior comes into view. It is wielding a +0 long sword.
The orc warrior shouts!
You hear a shout! x2
An orc warrior comes into view. It is wielding a +0 dire flail.
Casting: Magic Dart (safe; 1% risk of failure)
Confirm with . or Enter, or press ? or * to list all spells.
Aiming: Magic Dart (safe; 1% risk of failure)
Press: ? - help, Shift-Dir - straight line, f - orc warrior
Aim: an orc warrior, wielding a +0 halberd and wearing a +0 chain mail (ally target, 100% to hit)
You feel a surge of power!
The magic dart hits the orc warrior!
The orc warrior is moderately wounded.
The troll shouts!
The orc warrior shouts!
You hear a shout! x2
Your orc wizard dissolves into shadows!
An orc comes into view. It is wielding a +0 dagger.
An orc comes into view. It is wielding a +0 mace.
There is a stone staircase leading up, spattered with blood here.
Casting: Magic Dart (safe; 1% risk of failure)
Confirm with . or Enter, or press ? or * to list all spells.
Aiming: Searing Ray (safe; 1% risk of failure)
Press: ? - help, Shift-Dir - straight line, f/p - orc warrior
Aim: an orc warrior, wielding a +0 halberd and wearing a +0 chain mail (moderately wounded, 81% to hit)
You feel a surge of power!
The searing ray hits the orc warrior but does no damage.
The orc warrior is moderately wounded. (Press . to maintain the ray.)
The searing ray hits the orc warrior.
The orc warrior is moderately wounded.
The orc warrior unwields a +0 dire flail.
The orc warrior wields a +0 arbalest.
The orc warrior shoots a bolt.
The bolt closely misses you.
You hear a shout! x2
The searing ray hits the orc warrior.
The orc warrior is heavily wounded.
The orc warrior hits you from afar with a +0 halberd!
* * * LOW HITPOINT WARNING * * *
The orc warrior hits you from afar with a +0 halberd!
You die...

.#o#................##
............#.........#
..........##..#...#..##
......................#
......................#
.....................#
.............[)......#
............).)......##
..$....@)...).........#
................#.##.##
.<.....o.......#######
....o...........#
<...T........#..#
..)oo...$...#.....
..........#........
)#.................
.....$.#......#....#


You could see a troll, 3 orc warriors and an orc.

Vanquished Creatures
  Maurice (D:8)
  A troll (D:9)
  A hornet (D:9)
  A wraith (D:10)
  4 yaks (D:9)
  A basilisk (D:8)
  2 water moccasins
  An orc warrior (Orc:2)
  An ice beast (D:4)
  An ogre (Orc:1)
  A sky beast (D:4)
  2 centaurs
  A phantom (D:4)
  A kobold brigand (D:8)
  A bullfrog (D:8)
  A necrophage (D:6)
  A scorpion (D:6)
  2 gnoll sergeants
  10 wights
  8 killer bees
  2 electric eels (D:8)
  A howler monkey (D:6)
  6 orc priests
  2 jellies (D:7)
  Crazy Yiuf (D:5)
  6 iguanas
  5 orc wizards
  12 adders
  10 gnolls
  4 shadow imps
  A white imp (D:5)
  2 ufetubi
  2 worms (D:2)
  2 dart slugs
  12 orcs
  8 bats
  4 endoplasms
  3 giant cockroaches
  6 goblins
  3 hobgoblins
  5 jackals
  7 quokkas
  19 ball pythons
  4 frilled lizards
  9 kobolds
  2 rats
180 creatures vanquished.

Vanquished Creatures (collateral kills)
  A troll (Orc:2)
  An ogre (Orc:2)
  An orc wizard (Orc:2)
3 creatures vanquished.

Grand Total: 183 creatures vanquished

Notes
Turn   | Place    | Note
-------+----------+-------------------------------------------
     0 | D:1      | javelincjr the Spriggan Conjurer began the quest for the
                  | Orb.
     0 | D:1      | Reached XP level 1. HP: 9/9 MP: 5/5
   128 | D:1      | Reached XP level 2. HP: 13/13 MP: 0/6
   276 | D:1      | Found a faded altar of an unknown god.
  1038 | D:1      | Reached XP level 3. HP: 16/16 MP: 8/8
  1158 | D:1      | Found a shimmering altar of Xom.
  1221 | D:2      | Reached skill level 3 in Spellcasting
  1285 | D:2      | Learned a level 2 spell: Searing Ray
  2026 | D:2      | Reached XP level 4. HP: 21/21 MP: 9/9
  2488 | D:3      | Found a radiant altar of Vehumet.
  2498 | D:3      | Found a white marble altar of Elyvilon.
  2498 | D:3      | Found a basalt altar of Yredelemnul.
  2511 | D:3      | Found a snail-covered altar of Cheibriados.
  2514 | D:3      | Found a shadowy altar of Dithmenos.
  2672 | D:3      | Noticed Sigmund
  3388 | D:4      | Reached skill level 4 in Spellcasting
  3771 | D:4      | Noticed a phantom
  3790 | D:4      | Killed a phantom
  3791 | D:4      | Reached XP level 5. HP: 23/24 MP: 9/13
  3800 | D:5      | Entered Level 5 of the Dungeon
  3800 | D:5      | Noticed an ice beast
  3815 | D:4      | Killed an ice beast
  3816 | D:4      | Reached skill level 5 in Spellcasting
  3816 | D:4      | Reached XP level 6. HP: 28/28 MP: 4/14
  3928 | D:4      | Found Qaboich's Antique Armour Boutique.
  4022 | D:4      | Noticed a sky beast
  4036 | D:4      | Killed a sky beast
  4037 | D:4      | Reached skill level 1 in Short Blades
  4174 | D:4      | Reached skill level 6 in Spellcasting
  4369 | D:4      | Reached XP level 7. HP: 28/32 MP: 17/17
  4717 | D:5      | Found a transporter.
  4735 | D:5      | Found a transporter.
  5133 | D:6      | Reached skill level 5 in Stealth
  5135 | D:6      | Reached skill level 7 in Spellcasting
  5354 | D:5      | You are sucked into a shaft and drop 1 floor!
  5540 | D:6      | Reached skill level 5 in Conjurations
  5540 | D:6      | Reached XP level 8. HP: 37/37 MP: 20/20
  5575 | D:6      | Reached skill level 1 in Fighting
  5575 | D:6      | Reached skill level 8 in Spellcasting
  6105 | D:5      | Found a hide-covered altar of Uskayaw.
  6278 | D:5      | Found a runed translucent door.
  6279 | D:5      | Noticed Crazy Yiuf
  6289 | D:5      | Killed Crazy Yiuf
  6989 | D:6      | Found a staircase to the Ecumenical Temple.
  6997 | Temple   | Entered the Ecumenical Temple
  7003 | Temple   | Became a worshipper of Sif Muna the Loreminder
  7085 | Temple   | Gained mutation: You are clumsy. (Dex -2) [potion of
                  | mutation]
  7085 | Temple   | Gained mutation: Your magical capacity is low. (-10% MP)
                  | [potion of mutation]
  7420 | D:7      | Reached skill level 9 in Spellcasting
  8065 | D:8      | Reached skill level 10 in Spellcasting
  8065 | D:8      | Reached XP level 9. HP: 41/41 MP: 18/21
  8241 | D:7      | Reached skill level 1 in Staves
  8584 | D:10     | Entered Level 10 of the Dungeon
  8944 | D:8      | Reached * piety under Sif Muna
  9120 | D:8      | Reached skill level 11 in Spellcasting
  9741 | D:8      | Noticed Maurice
  9750 | D:8      | Killed Maurice
 10484 | D:10     | Noticed a troll
 10499 | D:9      | Reached skill level 12 in Spellcasting
 10558 | D:9      | Reached XP level 10. HP: 27/46 MP: 8/24
 10925 | D:10     | Noticed Snorg
 10979 | D:9      | Reached skill level 5 in Dodging
 11221 | D:9      | Found a staircase to the Orcish Mines.
 11231 | Orc:1    | Entered Level 1 of the Orcish Mines
 11232 | Orc:1    | Found Onenoh's Book Boutique.
 11252 | Orc:1    | Bought a book of the Sky for 484 gold pieces
 11310 | Orc:2    | Entered Level 2 of the Orcish Mines
 11377 | Orc:2    | Reached skill level 13 in Spellcasting
 11425 | Orc:2    | Slain by an orc warrior

Illustrated notes

Levels and vault maps discovered:
D:1:      dpeg_arrival_water_altar, layout_basic, ebering_ecumenical_altar_box
D:2:      layout_loops_ring, serial_aquarium, aquarium_bridge_long_separate
          [aquarium_subvault_balcony, aquarium_subvault_bridge,
          aquarium_subvault_bridge, aquarium_subvault_wall,
          aquarium_subvault_bridge, aquarium_subvault_balcony],
          aquarium_bridge_island_small [aquarium_subvault_small_open,
          aquarium_subvault_wall, aquarium_subvault_window,
          aquarium_subvault_bridge, aquarium_subvault_bridge],
          aquarium_window_fake, aquarium_window_corner, aquarium_view_2a
D:3:      layout_loops_ring, minmay_overflow_temple_star_hex, uniq_sigmund
D:4:      layout_basic, serial_shops, shop, minmay_snake_closets
D:5:      gammafunk_wand_slinger, layout_basic, mainiacjoe_overflow_24_doors,
          nicolae_titane, uniq_crazy_yiuf_cottage
D:6:      layout_loops_ring, temple_statues, serial_rivers,
          chequers_serial_rivers_room_a, chequers_serial_rivers_small_b,
          chequers_serial_rivers_room_b, chequers_serial_rivers_room_a,
          chequers_serial_rivers_micro_e
D:7:      layout_loops_corners
D:8:      layout_basic, kennysheep_island_fort, uniq_maurice
D:9:      layout_basic, orc_0_dummy, ebering_ghost_reflecting_pool
D:10:     layout_layer_cave, uniq_snorg, uniq_joseph
Temple:   nicolae_temple_x_marks_the_god
Orc:1:    layout_diamond_mine, serial_shops, shop, nicolae_orc_damp_corner
Orc:2:    st_orc_congregation, layout_caves, minmay_orc_temple_c,
          uniq_saint_roka, uniq_josephine, uniq_erolcha

Skill      XL: |  1  2  3  4  5  6  7  8  9 10 |
---------------+-------------------------------+-----
Conjurations   | 3 4 5 6 |  6.5
Dodging        | 3 4 5 |  5.1
Spellcasting   | 3 4 5 6 7 10 12 13 | 13.2
Stealth        | 4 5 6 7 |  7.0
Short Blades   | 1 |  1.4
Fighting       | 1 |  1.8
Staves         | 2 |  2.8
Evocations     | |  0.9

Action                   |  1- 3 |  4- 6 |  7- 9 | 10-12 || total
-------------------------+-------+-------+-------+-------++-------
Melee: Short sword       |    23 |    14 |     2 |       ||    39
       Club              |     4 |       |       |       ||     4
       Scimitar          |       |       |     2 |       ||     2
       Quarterstaff      |       |       |     6 |     2 ||     8
 Cast: Magic Dart        |    66 |    49 |    78 |    22 ||   215
       Searing Ray       |     1 |    23 |    66 |    12 ||   102
Evoke: Wand              |       |       |     3 |       ||     3
  Use: Scroll            |       |     9 |     8 |     1 ||    18
       Potion            |       |     3 |     3 |       ||     6
 Stab: Sleeping          |     2 |     2 |       |       ||     4
Armor: Robe              |     6 |       |     3 |     1 ||    10
Dodge: Dodged            |    33 |    24 |    47 |    25 ||   129
       Repelled          |       |       |     1 |       ||     1
